 Dungeon Crawl Stone Soup version 0.16-a0-3873-g452e4d5 (webtiles) character file.

46 Furman the Insei (level 3, -8/23 HPs)
             Began as an Octopode Transmuter on Feb 1, 2015.
             Mangled by Borgoz's ghost (11 damage)
             ... on level 3 of the Dungeon.
             The game lasted 00:04:14 (1613 turns).

Furman the Insei (Octopode Transmuter)              Turns: 1613, Time: 00:04:15

Health: -8/23      AC:  1    Str:  9    XL:     3   Next: 66%
Magic:  6/6        EV: 11    Int: 16    God:
Gold:   138        SH:  3    Dex: 12    Spells: 1 memorised, 5 levels left

rFire  . . .     SeeInvis .       - Unarmed
rCold  . . .     Clarity  .     p - +0 buckler
rNeg   . . .     SustAb   .     (helmet restricted)
rPois  .         Gourm    .     (no amulet)
rElec  .         Spirit   .     (no ring)
rCorr  .         Warding  .     (no ring)
rMut   .         Stasis   .     (no ring)
MR     .....                    (no ring)
Stlth  ++........               (no ring)
                                (no ring)
                                (no ring)
                                (no ring)

@: not resistant to hostile enchantments, unstealthy
A: almost no armour, amphibious, 8 rings, constrict 8, camouflage 1, gelatinous
body 1
a: no special abilities


You were on level 3 of the Dungeon.
You were not hungry.

You visited 1 branch of the dungeon, and saw 3 of its levels.

You collected 138 gold pieces.

Inventory:

Missiles
 b - 44 arrows
Armour
 p - a +0 buckler (worn)
Scrolls
 c - a scroll of recharging
 h - a scroll of remove curse
Potions
 g - a potion of cure mutation
 n - a potion of heal wounds {unknown}
 o - a potion of haste {unknown}
Books
 d - a book of Changes

   Spells                             Type                      Level
   a - Beastly Appendage              Transmutation                1
   b - Sticks to Snakes               Transmutation                2
   c - Spider Form                    Transmutation/Poison         3
   d - Ice Form                       Ice/Transmutation            4
   e - Blade Hands                    Transmutation                5
Comestibles
 a - 2 bread rations
 f - a beef jerky
 k - a slice of pizza


   Skills:
 - Level 1.0 Fighting
 - Level 2.0 Dodging
 + Level 3.8 Unarmed Combat
 - Level 2.0 Spellcasting
 * Level 3.1 Transmutations


You had 5 spell levels left.
You knew the following spells:

 Your Spells              Type           Power        Failure   Level  Hunger
a - Beastly Appendage     Trmt           ##....       12%         1    #......


Dungeon Overview and Level Annotations

Branches:
Dungeon (3/15)

Altars:

Annotations:
D:3 Borgoz's ghost, average DrBe


Innate Abilities, Weirdness & Mutations

You cannot wear most types of armour.
You are amphibious.
You can wear up to eight rings at the same time.
You can use your tentacles to constrict many enemies at once.
Your skin changes colour to match your surroundings (Stealth).
Your rubbery body absorbs attacks (AC +1).


Message History

Okay, then.
Your tentacle spike disappears.
You see here 7 gold pieces.
There is a stone staircase leading up here.
Borgoz's ghost wails.
Borgoz's ghost shouts, "What do you have that I didn't have?"
Borgoz's ghost screams in joy, "As in life, so in death: Kill!
Kill!!
Kill!!!"
Borgoz's ghost hits you.
* * * LOW HITPOINT WARNING * * *
You see here a leather armour.
A goblin comes into view. It is wielding a club.
You see here 7 gold pieces.
There is a stone staircase leading up here.
Drink which item? (? for menu, Esc to quit)
It was a potion of cancellation.
You feel magically purged. You block Borgoz's ghost's attack.
Drink which item? (? for menu, Esc to quit)
It was a potion of magic.
Magic courses through your body. Borgoz's ghost hits you!
You die...

#.# #.# #.#
##+####.##
.###........####
...........<...#
#...........#
#...........#
##..@........####
#>..W............
#.##....[....####
# #..#.#.....#
#.#.##.#....[####
#......#..)......
#................
##########......
......


You could see Borgoz's ghost.

Vanquished Creatures
  2 adders (D:2)
  4 giant cockroaches (D:2)
  4 goblins
  A hobgoblin (D:2)
  7 bats
  2 giant newts (D:1)
  5 kobolds
  3 rats
28 creatures vanquished.

Vanquished Creatures (others)
  3 jackals (D:1)
3 creatures vanquished.

Grand Total: 31 creatures vanquished

Notes
Turn   | Place    | Note
--------------------------------------------------------------
     0 | D:1      | Furman, the Octopode Transmuter, began the quest for the Orb.
     0 | D:1      | Reached XP level 1. HP: 13/13 MP: 3/3
   311 | D:1      | Reached XP level 2. HP: 18/18 MP: 4/4
   923 | D:2      | Reached XP level 3. HP: 8/23 MP: 4/6
  1567 | D:3      | Noticed Borgoz's ghost (average DrBe)
  1613 | D:3      | Mangled by Borgoz's ghost

Action                   || total
-------------------------++-------
Melee: Unarmed           ||    59
 Cast: Beastly Appendage ||     5
  Use: Potion            ||     4
       Scroll            ||     6
 Stab: Sleeping          ||     3
  Eat: Chunk             ||     2
